 Dungeon Crawl Stone Soup version 0.10.4 character file.

789 MackTheKnife the Ducker (level 7, 0/45 HPs)
             Began as a Sludge Elf Stalker on Sept 25, 2014.
             Was a Believer of Okawaru.
             Killed by divine providence
             ... invoked by an orc priest
              (12 damage)
             ... on Level 5 of the Dungeon on Sept 26, 2014.
             The game lasted 00:25:29 (5827 turns).

MackTheKnife the Ducker (Sludge Elf Stalker)        Turns: 5827, Time: 00:25:29

HP   0/45        AC  3     Str 10      XL: 7   Next: 52%
MP  11/11        EV 16     Int 13      God: Okawaru [**....]
Gold 139         SH  0     Dex 18      Spells:  2 memorised,  6 levels left

Res.Fire  : . . .   See Invis. : .   a - +3 elf dagger {=f}
Res.Cold  : + . .   Warding    : . . b - +0 elf robe
Life Prot.: . . .   Conserve   : .   (no shield)
Res.Acid. : . . .   Res.Corr.  : .   u - +0 horned helmet
Res.Poison: .       Clarity    : .   c - +0 elf cloak (curse)
Res.Elec. : .       Spirit.Shd : .   (no gloves)
Sust.Abil.: . .     Stasis     : .   (no boots)
Res.Mut.  : .       Ctrl.Telep.: .   (no amulet)
Res.Rott. : .       Levitation : .   t - ring of protection from cold {unknown}
Saprovore : . . .   Ctrl.Flight: .   r - cursed ring of hunger {unknown}

@: somewhat resistant to hostile enchantments, quite stealthy
A: deformed body, magic resistance 1
a: Heroism, Renounce Religion


You were on level 5 of the Dungeon.
You worshipped Okawaru.
Okawaru was most pleased with you.
You were not hungry.

You visited 1 branch of the dungeon, and saw 5 of its levels.

You collected 223 gold pieces.
You spent 104 gold pieces at shops.

Inventory:

Hand weapons
 a - a +3,+3 elven dagger (weapon) {=f}
 j - a +2,+0 elven short sword
 k - a +0,+0 long sword
 s - a -1,+1 orcish short sword
 D - a -1,+1 orcish falchion of holy wrath
Missiles
 e - a +0 dart (quivered)
Armour
 b - a +0 elven robe (worn)
 c - a cursed +0 elven cloak (worn)
 q - a +0 leather armour
 u - a +0 horned helmet (worn)
 v - a +1 orcish leather armour
 x - a +2 cloak
 C - a +0 leather armour
Comestibles
 f - a bread ration
 l - 2 chokos
 n - 2 meat rations
 p - an apricot
 z - a banana
Jewellery
 r - a cursed ring of hunger (left hand) {unknown}
 t - a ring of protection from cold (right hand) {unknown}
Potions
 g - a potion of agility {unknown}
 i - a potion of brilliance
 o - a potion of heal wounds
Books
 d - a book of Stalking

   Spells                             Type                      Level
   *Fulsome Distillation              Transmutation/Necromancy     1
   Evaporate                          Fire/Transmutation           2
   Passwall                           Transmutation/Earth          3
   Petrify                            Transmutation/Earth          4
   Dig                                Transmutation/Earth          4
 w - a book of Cantrips

   Spells                             Type                      Level
   Confusing Touch                    Hexes                        1
   *Animate Skeleton                  Necromancy                   1
   Summon Small Mammals               Summoning                    1
   Apportation                        Translocation                1


   Skills:
 + Level 4.3 Fighting
 + Level 2.9 Short Blades
 - Level 0.6 Long Blades
 + Level 5.5 Dodging
 - Level 4.7 Stealth
 - Level 4.7 Stabbing
 - Level 1.2 Spellcasting
 - Level 2.6 Transmutations


You had 6 spell levels left.
You knew the following spells:

 Your Spells              Type           Power        Failure   Level  Hunger
a - Fulsome Distillation  Trmt/Necr      N/A          17%         1    Strawberry
b - Animate Skeleton      Necr           N/A          30%         1    Strawberry

Dungeon Overview and Level Annotations

Branches:
Dungeon (5/27)
 Temple: D:4-7

Altars:
Fedhas
Okawaru
Sif Muna
Xom
Yredelemnul

Shops:
D:5: %


Innate Abilities, Weirdness & Mutations

Armour fits poorly on your strangely shaped body.
You are resistant to hostile enchantments.


Message History

The crimson imp blinks!
The worm bites you but does no damage.
You see here 23 gold pieces.
The crimson imp hits you with a short sword.
* * * LOW HITPOINT WARNING * * *
You see here a dart.
The crimson imp blinks!
The crimson imp barely misses you.
The crimson imp picks up a runed hand axe.
The crimson imp blinks!
The crimson imp blinks!
A giant mite comes into view.
The orc priest shouts!
Read which item? (? for menu, Esc to quit)
Okay, then.
The crimson imp blinks!
Found 10 poisoned needles.
The orc priest invokes the aid of Beogh against you.
Something smites you!
You die...

##############
#............########
#...................(.
##......................
..###.##.####...........
....#.##.#o.............
..#.#.##...#.........%..#
................@.......#
#.#..w##.oo.............#
....o....##.......##....
.....###.##.....#.# #..
##...# #o#........# .
##.#.# #.#.....##....
#....###............
.#....#..........##.
ยง###..#.<....#.###


You could see 2 orc priests and an orc (wandering).

Vanquished Creatures
  A hippogriff (D:5)
  A human zombie (D:3)
  A quasit (D:4)
  A gnoll shaman (D:5)
  3 hounds
  A worker ant (D:4)
  2 scorpions (D:5)
  A jelly (D:5)
  4 adders
  5 gnolls (D:5)
  An adder skeleton (D:5)
  2 giant mites
  5 worms
  3 oozes
  7 orcs
  A ball python (D:3)
  5 giant cockroaches
  12 goblins
  8 hobgoblins
  6 jackals
  A quokka (D:5)
  16 bats
  A giant gecko (D:4)
  A giant newt (D:1)
  A goblin zombie (D:3)
  A jackal zombie (D:3)
  11 kobolds
  A kobold skeleton (D:3)
  16 rats
  A rat skeleton (D:4)
  3 toadstools (D:5)
123 creatures vanquished.

Vanquished Creatures (others)
  A hound skeleton (D:5)
  An adder (D:3)
  3 giant cockroaches (D:3)
  2 hobgoblins
  A kobold (D:3)
  2 goblins (D:3)
  A kobold skeleton (D:5)
  A quokka skeleton (D:5)
  2 rats (D:3)
  4 toadstools
18 creatures vanquished.

Grand Total: 141 creatures vanquished

Notes
Turn   | Place    | Note
--------------------------------------------------------------
     0 | D:1      | MackTheKnife, the Sludge Elf Stalker, began the quest for the Orb.
     0 | D:1      | Reached XP level 1. HP: 13/13 MP: 1/1
   215 | D:1      | Reached skill level 1 in Short Blades
   518 | D:1      | Reached XP level 2. HP: 18/18 MP: 3/3
   905 | D:2      | Found an iron altar of Okawaru.
   913 | D:2      | Became a worshipper of Warmaster Okawaru
   919 | D:2      | Reached skill level 3 in Stealth
   919 | D:2      | Reached XP level 3. HP: 21/23 MP: 4/4
  1782 | D:2      | Reached skill level 4 in Stealth
  2042 | D:3      | Reached XP level 4. HP: 28/28 MP: 6/6
  2129 | D:3      | Acquired Okawaru's first power
  2198 | D:3      | Found a basalt altar of Yredelemnul.
  2478 | D:3      | Found a shimmering altar of Xom.
  2484 | D:3      | Reached XP level 5. HP: 33/33 MP: 8/8
  3303 | D:4      | Reached XP level 6. HP: 21/40 MP: 9/9
  3429 | D:4      | Found a deep blue altar of Sif Muna.
  3616 | D:4      | Learned a level 1 spell: Animate Skeleton
  3839 | D:5      | Entered Level 5 of the Dungeon
  4267 | D:5      | Found Miaduxzu's Food Emporium.
  4627 | D:5      | Found a blossoming altar of Fedhas.
  5229 | D:5      | Reached XP level 7. HP: 39/45 MP: 8/11
  5555 | D:5      | Reached skill level 5 in Dodging
  5570 | D:5      | Bought a meat ration for 52 gold pieces
  5570 | D:5      | Bought a bread ration for 52 gold pieces
  5644 | D:5      | Gained mutation: Armour fits poorly on your strangely shaped body.
  5644 | D:5      | Gained mutation: You are resistant to hostile enchantments.
  5827 | D:5      | Killed from afar by an orc priest
